AoeStats
← 萱你在吗

Arena

508943699Analyzed
4v4 RM · 7d ago on Sep 24, 2026· 42m 51s· 8 players
Game mode
Random Map
Map size
Large (8 player)
Population
200
Speed
Normal
Resources
Standard
Victory
Conquest
Starting age
Dark Age
Ending age
Imperial Age
RankedLock teamsTeams togetherTeam positionsShared explorationLock speedFull tech treeHidden civsTurbo modeCheats
Victory
Defeat
🇺🇸 Hindustanis · United States
1220
+16
🇦🇷 Khmer · Argentina
1200
+17
🇺🇸 Bohemians · United States
1179
+18
🇪🇸 Celts · Spain
1135
+19
🇨🇳 Vikings · China
1259
-20
🇬🇧 Britons · United Kingdom
1228
-18
🇦🇷 Vietnamese · Argentina
1215
-17
🇧🇪 Japanese · Belgium
1157
-15
TonyMangtana
11:00 Feudal Age
14:42 Castle Age
12:34 Double-Bit Axe
13:06 Horse Collar
15:36 Bow Saw
15:54 Heavy Plow
20:52 Wheelbarrow
21:17 Loom
26:07 Imperial Age
24:15 Padded Archer Armor
25:13 Leather Archer Armor
25:37 Hand Cart
27:49 Chemistry
27:22 Ring Archer Armor
36:30 Siege Engineers
36:56 Shatagni
37:17 Conscription
37:27 Ballistics
Nighthawk
10:08 Feudal Age
8:24 Loom
10:16 Loom
15:57 Castle Age
15:57 Double-Bit Axe
17:11 Padded Archer Armor
19:28 Fervor
25:20 Elite Skirmisher
27:51 Chemistry
28:49 Bow Saw
29:38 Horse Collar
33:21 Imperial Age
31:46 Leather Archer Armor
33:12 Wheelbarrow
34:45 Ring Archer Armor
37:58 Houfnice
41:54 Heavy Plow
42:17 Conscription
Nicolass
10:09 Feudal Age
15:00 Castle Age
18:30 Forging
18:41 Man-at-Arms
19:31 Scale Mail Armor
19:25 Long Swordsman
22:17 Iron Casting
27:20 Double-Bit Axe
28:40 Bow Saw
29:07 Gold Mining
36:02 Imperial Age
36:15 Heavy Scorpion
38:45 Chain Mail Armor
39:31 Blast Furnace
39:04 Two-Handed Swordsman
40:37 Fletching
40:28 Champion
40:34 Champion
Big Brother
11:31 Feudal Age
14:28 Castle Age
13:26 Stone Mining
14:34 Double-Bit Axe
25:49 Loom
42:42 Imperial Age
43:11 Stone Shaft Mining
42:48 Bow Saw
42:29 Gold Mining
42:22 Horse Collar
42:55 Scale Barding Armor
jamo
10:27 Feudal Age
14:30 Castle Age
13:10 Double-Bit Axe
14:23 Horse Collar
16:07 Bow Saw
23:36 Fletching
23:40 Crossbowman
24:41 Padded Archer Armor
28:15 Heavy Plow
33:33 Imperial Age
31:49 Ballistics
31:58 Scale Mail Armor
32:09 Forging
31:54 Bodkin Arrow
32:05 Pikeman
32:46 Squires
34:22 Wheelbarrow
33:35 Town Watch
33:35 Loom
34:28 Halberdier
36:01 Conscription
36:02 Bracer
37:07 Yeomen
37:02 Arbalester
NotGG
7:18 Loom
10:10 Feudal Age
11:44 Loom
14:27 Castle Age
12:53 Double-Bit Axe
18:52 Forging
26:41 Arson
26:56 Squires
31:12 Town Watch
32:02 Wheelbarrow
32:27 Hand Cart
32:12 Town Patrol
32:26 Bow Saw
31:57 Horse Collar
33:08 Gold Mining
33:09 Stone Mining
33:23 Heavy Plow
萱你在吗
10:08 Feudal Age
14:09 Castle Age
12:18 Double-Bit Axe
13:08 Horse Collar
17:21 Bow Saw
21:36 Heavy Plow
23:28 Fletching
23:25 Loom
28:10 Gold Mining
28:10 Stone Mining
32:06 Gold Shaft Mining
34:39 Imperial Age
32:43 Scale Mail Armor
32:54 Forging
34:46 Chain Mail Armor
35:07 Iron Casting
34:49 Squires
34:34 Arson
35:23 Chieftains
35:44 Conscription
36:34 Chemistry
35:10 Capped Ram
35:19 Elite Varangian Guard
36:43 Plate Mail Armor
37:14 Siege Ram
39:34 Blast Furnace
39:49 Siege Engineers
Tangafair
2:11 Loom
2:58 Loom
11:22 Feudal Age
15:53 Castle Age
14:10 Double-Bit Axe
15:46 Horse Collar
18:40 Wheelbarrow
22:31 Wheelbarrow
21:42 Town Watch
26:28 Fortified Wall
29:19 Gold Mining
29:28 Stone Mining
29:52 Heavy Plow
30:50 Masonry
34:00 Imperial Age
32:01 Fletching
32:12 Padded Archer Armor
32:45 Ballistics
32:48 Guard Tower
33:03 Treadmill Crane
33:19 Murder Holes
33:21 Bodkin Arrow
33:42 Leather Archer Armor
33:21 Elite Skirmisher
34:33 Yasama
34:45 Imperial Skirmisher
36:45 Chemistry
35:30 Arrowslits
36:04 Thumb Ring
36:16 Bracer
36:46 Ring Archer Armor
Connection lost

Rejoining the realm…

Still unreachable

The connection could not be restored.

Session expired

The server has moved on; the page needs a fresh start.